 Dungeon Crawl Stone Soup version 0.20-a0-1086-g4bd2f5b (webtiles) character file.

29 potatolord5000 the Ducker (level 3, -10/28 HPs)
             Began as a Demonspawn Gladiator on May 1, 2017.
             Killed by divine providence
             ... invoked by an orc priest
              (13 damage)
             ... on level 4 of the Dungeon.
             The game lasted 00:04:43 (657 turns).

potatolord5000 the Ducker (Demonspawn Gladiator)     Turns: 657, Time: 00:04:44

Health: -10/28     AC:  7    Str: 14    XL:     3   Next: 1%
Magic:  3/3        EV: 13    Int: 14    God:
Gold:   94         SH:  0    Dex: 15    Spells: 2/2 levels left

rFire    . . .     SeeInvis .   a - +0 long sword
rCold    . . .     Gourm    .   (no shield)
rNeg     . . .     Faith    .   b - +0 leather armour
rPois    .         Spirit   .   c - +0 helmet
rElec    .         Reflect  .   (no cloak)
rCorr    .         Harm     .   m - +0 pair of gloves
MR       .....                  (no boots)
Stlth    +.........             (no amulet)
Regen    0.1/turn               (no ring)
MPRegen  0.1/turn               (no ring)

@: brilliant
A: iridescent scales 1
a: no special abilities


You were on level 4 of the Dungeon.
You were not hungry.

You visited 1 branch of the dungeon, and saw 4 of its levels.

You collected 94 gold pieces.

Inventory:

Hand Weapons
 a - a +0 long sword (weapon)
Armour
 b - a +0 leather armour (worn)
 c - a +0 helmet (worn)
 m - a +0 pair of gloves (worn)
Scrolls
 e - a scroll of enchant armour {unknown}
 g - a scroll of teleportation {unknown}
 i - a scroll of identify {unknown}
Potions
 h - a potion of ambrosia {unknown}
 k - a potion of degeneration {unknown}
 l - a potion of curing {unknown}
Comestibles
 d - a meat ration
 f - 2 bread rations


   Skills:
 + Level 2.6 Fighting
 + Level 3.0 Long Blades
 - Level 1.7 Throwing
 + Level 3.1 Dodging


You had 2 spell levels left.
You didn't know any spells.

Dungeon Overview and Level Annotations

Branches:
Dungeon (4/15)
 Temple: D:4-7

Altars:


Innate Abilities, Weirdness & Mutations

You are partially covered in iridescent scales. (AC +2)


Message History

The worker ant is lightly wounded.
The orc wizard gestures wildly while chanting.
The orc wizard seems to speed up.
You hit the ogre.
The ogre is lightly wounded.
The worker ant closely misses you. The ogre hits you with a giant club.
The orc priest mumbles some strange prayers to Beogh against you.
Beogh smites you!
The orc priest calls down the wrath of Beogh upon you.
Beogh smites you!
* * * LOW HITPOINT WARNING * * *
The worker ant bites you but does no damage.
The orc wizard hits you but does no damage.
You hear a shout!
The ogre hits you with a giant club.
* * * LOW HITPOINT WARNING * * *
The worker ant closely misses you.
The orc priest mumbles some strange prayers to Beogh against you.
Beogh smites you!
You die...

#.#.#######.#
#......<..<.#
##...#############
..###.#.# #...(.....
.....[..####...>.....
#...#......#.........
.........#.#..$......
##.#.#.......O.......
#. #...###..@oo...oo.
. ###. ##.a....o..>
#. #...$...... ..
#.......... #.
..######### #. ....
#. #...# ..#<.


You could see an ogre, a worker ant, 2 orc priests, an orc wizard and 2 orcs.

Vanquished Creatures
  3 giant cockroaches
  2 goblins (D:1)
  4 hobgoblins
  7 jackals (D:1)
  2 bats (D:3)
  A frilled lizard (D:1)
  2 kobolds
  3 rats
24 creatures vanquished.

Notes
Turn   | Place    | Note
-------+----------+-------------------------------------------
     0 | D:1      | potatolord5000 the Demonspawn Gladiator began the quest for the Orb.
     0 | D:1      | Reached XP level 1. HP: 16/16 MP: 1/1
   266 | D:1      | Gained mutation: You are partially covered in iridescent scales. (AC +2) [demonic ancestry]
   266 | D:1      | Reached XP level 2. HP: 23/23 MP: 2/2
   591 | D:3      | Reached XP level 3. HP: 27/28 MP: 3/3
   652 | D:4      | Noticed an ogre
   657 | D:4      | Killed from afar by an orc priest

Vault maps used:
D:1:      dpeg_arrival_morbid_curiosity
D:2:      cheibrodos_old_hovel, fiery_altar_vehumet, marbit_many_paths,
          gammafunk_temple_overflow_elements, fedhas_altar_4, uniq_natasha
D:3:      lemuel_crystal_altar
D:4:      first_bread, uniq_duvessa

Skill      XL: |  1  2 |
---------------+-------+-----
Dodging        | 3 |  3.1
Long Blades    | 3 |  3.0
Fighting       | |  2.6
Throwing       | |  1.7

Action                   || total
-------------------------++-------
Melee: Long sword        ||    57
  Use: Potion            ||     1
Armor: Leather armour    ||    35
Dodge: Dodged            ||    80
       Rpst.: Long sword ||    27
